 Dungeon Crawl Stone Soup version 0.27-a0-661-gca034ae587 (webtiles) character file.

Game seed: 7621786082118508921

22593 Ijustatesigmund the Demonic Aeon (level 12, -4/97 HPs)
             Began as a Demonspawn Fighter on Mar 16, 2021.
             Was the Champion of Cheibriados.
             Slain by a vault guard
             ... wielding a +2 long sword of holy wrath
              (12 damage)
             ... on level 13 of the Dungeon on Mar 17, 2021.
             The game lasted 00:38:12 (11253 turns).

Ijustatesigmund the Demonic Aeon (DsFi)            Turns: 11253, Time: 00:38:13

Health: -4/97      AC: 16    Str: 31    XL:     12   Next: 64%
Magic:  0/23       EV: 20    Int: 29    God:    Cheibriados [******]
Gold:   344        SH: 17    Dex: 33    Spells: 8/11 levels left

rFire    . . .     SeeInvis .   a - +2 war axe (vamp)
rCold    . . .     Faith    .   c - +0 kite shield
rNeg     . . .     Spirit   +   b - +0 troll leather armour
rPois    .         Reflect  +   f - +0 helmet
rElec    .         Harm     .   v - +1 cloak
rCorr    .         Rampage  .   y - +2 pair of gloves {archery}
Will     .....                  (boots unavailable)
Stlth    ++........             h - amulet of reflection
HPRegen  1.26/turn              g - +4 ring of evasion
MPRegen  0.36/turn              E - +4 ring of protection

@: very slow
A: talons 3, repulsion field 2, spiny 1, magic shield, magic regeneration, agile
1, clever 1
a: Renounce Religion, Bend Time, Temporal Distortion, Slouch, Step From Time


You were on level 13 of the Dungeon.
You worshipped Cheibriados.
Cheibriados was exalted by your worship.
You visited 2 branches of the dungeon, and saw 15 of its levels.
You also visited: Sewer.

You collected 743 gold pieces.
You spent 399 gold pieces at shops.

Inventory:

Hand Weapons
 a - a +2 vampiric war axe (weapon)
 G - a +5 mace of protection
Missiles
 j - 93 poisoned darts (quivered)
 q - 9 curare-tipped darts
Armour
 b - a +0 troll leather armour (worn)
 c - a +0 kite shield (worn)
 f - a +0 helmet (worn)
 i - a +0 pair of boots
 v - a +1 cloak (worn)
 y - a +2 pair of gloves of archery (worn)
Jewellery
 g - a +4 ring of evasion (right hand)
 h - an amulet of reflection (around neck)
 o - a ring of resist corrosion
 z - a +6 ring of dexterity
 A - a ring of ice
 B - a ring of fire
 E - a +4 ring of protection (left hand)
 K - a ring of protection from cold
 L - a ring of poison resistance
 M - a +4 ring of slaying
 Q - a +4 ring of protection
Wands
 r - a wand of flame (5)
 s - a wand of acid (2)
 t - a wand of charming (4)
 H - a wand of iceblast (12)
 I - a wand of paralysis (7)
 O - a wand of polymorph (11)
Scrolls
 m - a scroll of fog
 u - 2 scrolls of teleportation
 D - a scroll of magic mapping
 F - a scroll of fear
 N - a scroll of brand weapon
 P - 3 scrolls of identify
 R - a scroll of immolation
Potions
 d - 6 potions of might
 e - 2 potions of flight
 k - 2 potions of heal wounds
 l - 5 potions of attraction
 n - 6 potions of curing
 p - a potion of brilliance
 w - 2 potions of ambrosia
 x - a potion of lignification
 C - a potion of invisibility
 J - a potion of cancellation
Miscellaneous
 S - a phantom mirror


   Skills:
 - Level 9.9 Fighting
 - Level 11.0 Axes
 - Level 6.7 Armour
 - Level 3.9 Dodging
 - Level 2.6 Shields
 - Level 2.2 Translocations
 + Level 14.8 Invocations
 - Level 3.7 Evocations


You had 8 spell levels left.
You knew the following spells:

 Your Spells              Type           Power      Damage    Failure   Level
a - Apportation           Tloc           24%        N/A       22%         1
b - Blink                 Tloc           N/A        N/A       34%         2

Your spell library contained the following spells:

 Spells                   Type           Power      Damage    Failure   Level
 Animate Skeleton         Necr           0%         N/A       50%         1
 Corona                   Hex            0%         N/A       50%         1
 Magic Dart               Conj           0%         1d3       50%         1
 Sting                    Tmut/Pois      0%         1d3       50%         1
 Summon Small Mammal      Summ           0%         N/A       50%         1
 Gell's Gravitas          Tloc           6%         N/A       56%         3
 Call Imp                 Summ           0%         N/A       63%         2
 Poisonous Vapours        Pois/Air       0%         N/A       63%         2
 Searing Ray              Conj           0%         3d3       63%         2
 Slow                     Hex            0%         N/A       63%         2
 Confusing Touch          Hex            0%         N/A       86%         3
 Conjure Flame            Conj/Fire      0%         6-21      86%         3
 Dazzling Flash           Conj/Hex       0%         N/A       86%         3
 Ignite Poison            Fire/Tmut/Pois 0%         N/A       86%         3
 Mephitic Cloud           Conj/Pois/Air  0%         N/A       86%         3
 Static Discharge         Conj/Air       0%         N/A       86%         3
 Iskenderun's Mystic Bla  Conj/Tloc      6%         2d4       98%         4
 Fulminant Prism          Conj/Hex       0%         3d6       99%         4
 Olgreb's Toxic Radiance  Pois           0%         N/A       99%         4
 Petrify                  Tmut/Erth      0%         N/A       99%         4
 Metabolic Englaciation   Hex/Ice        0%         N/A       100%        5
 Yara's Violent Unravell  Hex/Tmut       0%         3d3       100%        5
 Starburst                Conj/Fire      0%         8x6d3     100%        6


Dungeon Overview and Level Annotations

Branches:
Dungeon (14/15)            Temple (1/1) D:5            Lair (0/6) D:8
    Orc (0/2) D:12          Sewer (visited)
 Vaults: D:13-14

Altars:
Ashenzari
Cheibriados
Dithmenos
Elyvilon
Fedhas
Gozag
Hepliaklqana
Kikubaaqudgha
Makhleb
Nemelex Xobeh
Okawaru
Qazlal
Ru
Sif Muna
Trog
Uskayaw
Vehumet
Wu Jian
Xom
Yredelemnul
Zin
The Shining One
Beogh

Shops:
D:6 =   D:8 *!*?   D:12 (

Annotations:
D:4 3 runed translucent doors, stripedtigrrr's ghost, amateur OpDe
D:6 1 runed translucent door, stripedtigrrr's ghost, amateur OpDe
D:7 2 transporters, Howlingfantods's ghost, amateur MiDe
D:13 1 transporter, Allula97's ghost, journeyman DsGl


Innate Abilities, Weirdness & Mutations

You have claws for feet.
You are surrounded by a moderate repulsion field. (EV +3)
You are partially covered in sharp spines.
When hurt, damage is shared between your health and your magic reserves.
You regenerate magic rapidly.
You are agile. (Dex +2)
Your mind is acute. (Int +2)


Message History

You closely miss the vault guard. The vault guard blocks your attack.
You slash the vault guard! The vault guard closely misses you.
You block the vault guard's attack. The vault guard barely misses you.
The vault guard hits you but does no damage.
The vault guard misses you.
You slash the vault guard!
You feel better.
You kill the vault guard!
Cheibriados appreciates the change of pace.
You hit the vault guard but do no damage.
You barely miss the vault guard.
You hit the vault guard but do no damage.
The vault guard hits you with a +0 long sword.
You block the vault guard's attack.
The vault guard hits you with a +3 long sword!!
You hit the vault guard but do no damage.
You claw the vault guard!
The vault guard is heavily wounded.
You slash the vault guard!
You feel better.
You closely miss the vault guard. You hit the vault guard.
You block the vault guard's attack.
The vault guard hits you with a +2 long sword of holy wrath!
You convulse!
The vault guard is struck by your spines.
The vault guard misses you. The vault guard completely misses you.
The vault guard blocks your attack.
You claw the vault guard!
The vault guard is heavily wounded.
You hit the vault guard.
You feel better.
You hit the vault guard but do no damage.
You hit the vault guard.
The vault guard hits you with a +0 long sword!
* * * LOW HITPOINT WARNING * * *
The vault guard is struck by your spines.
The vault guard hits you with a +2 long sword of holy wrath.
* * * LOW HITPOINT WARNING * * *
You convulse.
* * * LOW HITPOINT WARNING * * *
You block the vault guard's attack. x2; The vault guard misses you.
The vault guard hits you with a +2 long sword of holy wrath!
* * * LOW HITPOINT WARNING * * *
You convulse!
You die...

....#. ...##.. .... #.
#...s#.. ... ..
...#..##..#.. #..
##..y.. l..#.. . #..
..#yB .#.##. ... #..##
#HH"###.. #. ....#...#
$l=y). ##. ......pp##
##### ###..
.....†p@.####.©.####....
......p#..............#.
.#.....#######........'.
#..... ##.#####..#.
#..... #......#..##
#..... #...^..#....
#..... #.####.#....
#####. #.# #.#.... #.#
#.'....


You could see 4 vault guards.

Vanquished Creatures
  Josephine (D:13)
  A vault guard (D:13)
  A hydra (D:12)
  Harold (D:10)
  Erolcha (D:10)
  Erica (D:11)
  3 two-headed ogres
  An unseen horror (D:13)
  Pikel (D:7)
  A deep elf pyromancer (D:13)
  2 ugly things (D:11)
  Maurice (D:9)
  Joseph (D:10)
  A gargoyle (D:9)
  Psyche (D:10)
  2 centaur skeletons (D:13)
  A komodo dragon (D:13)
  An efreet (D:13)
  A hornet (D:7)
  5 trolls
  3 wyverns
  4 wraiths (D:13)
  Eustachio (D:5)
  9 yaks
  4 sky beasts
  15 orc warriors
  6 black bears
  4 wolves
  9 ogres
  4 centaurs (D:6)
  3 phantoms
  7 kobold brigands
  Blork the orc (D:5)
  7 bullfrogs
  A gnoll sergeant (D:12)
  5 scorpions
  12 killer bees
  7 jellies
  9 wights
  4 howler monkeys
  2 bullfrog zombies
  11 hounds
  12 orc priests
  4 bullfrog skeletons
  4 iguanas
  Ijyb (D:5)
  12 orc wizards
  6 worker ants
  A hound skeleton (D:4)
  7 gnolls
  9 adders
  2 shadow imps
  3 white imps
  3 ufetubi
  3 oozes
  An adder zombie (D:5)
  4 adder skeletons
  3 worms
  11 leopard geckos
  60 orcs
  8 giant cockroaches
  8 goblins
  6 hobgoblins
  13 jackals
  7 quokkas
  10 ball pythons
  A ball python skeleton (D:6)
  7 bats
  11 frilled lizards
  A jackal skeleton (D:6)
  27 kobolds
  A leopard gecko skeleton (D:5)
  A quokka skeleton (D:5)
  13 rats
416 creatures vanquished.

Vanquished Creatures (others)
  An orc wizard (D:10)
  A fungus (Sewer)
  6 plants
8 creatures vanquished.

Grand Total: 424 creatures vanquished

Notes
Turn   | Place    | Note
-------+----------+-------------------------------------------
     0 | D:1      | Ijustatesigmund the Demonspawn Fighter began the quest for
                  | the Orb.
     0 | D:1      | Reached XP level 1. HP: 18/18 MP: 1/1
    89 | D:1      | Gained mutation: You regenerate magic rapidly. [demonic
                  | ancestry]
    89 | D:1      | Reached XP level 2. HP: 24/24 MP: 2/2
   461 | D:1      | Reached skill level 1 in Dodging
   644 | D:1      | Gained mutation: When hurt, damage is shared between your
                  | health and your magic reserves. [demonic ancestry]
   644 | D:1      | Reached XP level 3. HP: 29/29 MP: 3/3
  1267 | D:2      | Noticed a scorpion
  1277 | D:2      | Killed a scorpion
  1278 | D:2      | Reached XP level 4. HP: 26/37 MP: 2/4
  1726 | D:3      | Gained mutation: You are surrounded by a mild repulsion
                  | field. (EV +2) [demonic ancestry]
  1726 | D:3      | Reached XP level 5. HP: 38/42 MP: 3/5
  1745 | D:3      | HP: 1/42 [orc/+0 trident (2)]
  2366 | D:4      | Noticed an ice beast
  2366 | D:4      | Noticed an ice beast
  2383 | D:4      | Gained mutation: You are surrounded by a moderate repulsion
                  | field. (EV +3) [demonic ancestry]
  2383 | D:4      | Reached XP level 6. HP: 48/48 MP: 6/6
  2426 | D:4      | Found a runed translucent gate.
  2426 | D:4      | Found a runed translucent gate.
  2429 | D:4      | Found a runed translucent gate.
  2552 | D:4      | Found an ancient bone altar of Kikubaaqudgha.
  2768 | D:4      | Reached skill level 5 in Axes
  2804 | D:4      | Gained mutation: You have sharp toenails. [demonic
                  | ancestry]
  2804 | D:4      | Reached XP level 7. HP: 51/55 MP: 7/7
  2910 | D:4      | Noticed stripedtigrrr's ghost (amateur OpDe)
  2985 | D:4      | Found a glowing drain.
  3001 | Sewer    | Entered a sewer
  3145 | Sewer    | Reached skill level 5 in Fighting
  3529 | D:5      | Entered Level 5 of the Dungeon
  3529 | D:5      | Noticed Eustachio
  3551 | D:5      | Killed Eustachio
  3557 | D:5      | Found a staircase to the Ecumenical Temple.
  3614 | Temple   | Entered the Ecumenical Temple
  3748 | Temple   | Became a worshipper of Cheibriados the Contemplative
  3842 | D:5      | Reached skill level 1 in Invocations
  3842 | D:5      | Reached XP level 8. HP: 30/63 MP: 2/8
  3962 | D:5      | Noticed Ijyb
  3964 | D:5      | Paralysed by Ijyb for 3 turns
  3978 | D:5      | Killed Ijyb
  4033 | D:5      | Reached skill level 2 in Invocations
  4313 | D:5      | Noticed Blork the orc
  4322 | D:5      | Killed Blork the orc
  4567 | D:6      | Reached skill level 3 in Invocations
  4603 | D:6      | Reached * piety under Cheibriados
  4730 | D:6      | Found a runed translucent door.
  4736 | D:6      | Noticed stripedtigrrr's ghost (amateur OpDe)
  4797 | D:6      | Reached skill level 4 in Invocations
  4797 | D:6      | Reached XP level 9. HP: 56/70 MP: 8/12
  4885 | D:6      | Found Fidgh's Jewellery Boutique.
  5446 | D:7      | Noticed a two-headed ogre
  5459 | D:7      | Killed a two-headed ogre
  5460 | D:7      | Reached skill level 5 in Invocations
  5497 | D:7      | Noticed Pikel
  5519 | D:7      | Killed Pikel
  5520 | D:7      | Reached skill level 5 in Armour
  5601 | D:7      | Reached ** piety under Cheibriados
  5648 | D:7      | Reached skill level 6 in Invocations
  5799 | D:7      | Found a bloodstained altar of Trog.
  5829 | D:7      | Found a transporter.
  5829 | D:7      | Noticed Howlingfantods's ghost (amateur MiDe)
  5837 | D:7      | Found a transporter.
  5888 | D:7      | Paralysed by a hornet for 1 turns
  5897 | D:7      | Gained mutation: You are partially covered in sharp spines.
                  | [demonic ancestry]
  5897 | D:7      | Reached XP level 10. HP: 71/79 MP: 12/14
  6338 | D:8      | Found Potae's Magic Scroll Emporium.
  6348 | D:8      | Bought a scroll of identify for 28 gold pieces
  6348 | D:8      | Bought a scroll of enchant weapon for 105 gold pieces
  6429 | D:8      | Found a staircase to the Lair.
  6431 | D:8      | Noticed a two-headed ogre
  6447 | D:7      | Killed a two-headed ogre
  6451 | D:7      | Reached skill level 7 in Invocations
  6468 | D:7      | Reached *** piety under Cheibriados
  6781 | D:8      | Found Qiurgh's Distillery.
  6790 | D:8      | Bought a potion of heal wounds for 70 gold pieces
  6790 | D:8      | Bought a potion of heal wounds for 70 gold pieces
  6849 | D:8      | Found Voasirph's General Store.
  6958 | D:8      | Identified the amulet "Deidodau" {Faith rN+ Will+ Slay-5}
  7096 | D:8      | Found Heweuzuce's Assorted Antiques.
  7120 | D:8      | Bought a blackened emerald ring for 105 gold pieces
  7120 | D:8      | Bought a scroll labelled DUKHLO ENUOWK for 21 gold pieces
  7679 | D:9      | Noticed Maurice
  7708 | D:9      | Killed Maurice
  7709 | D:9      | Reached skill level 10 in Axes
  7709 | D:9      | Reached skill level 8 in Invocations
  7741 | D:9      | Noticed a two-headed ogre
  7749 | D:9      | Reached **** piety under Cheibriados
  7750 | D:9      | Killed a two-headed ogre
  7844 | D:9      | Gained mutation: You have razor-sharp toenails. [demonic
                  | ancestry]
  7844 | D:9      | Reached XP level 11. HP: 87/87 MP: 17/17
  8146 | D:9      | Learned a level 1 spell: Apportation
  8238 | D:10     | Entered Level 10 of the Dungeon
  8238 | D:10     | Noticed Harold
  8260 | D:10     | Killed Harold
  8261 | D:10     | Reached skill level 1 in Translocations
  8273 | D:9      | Reached skill level 9 in Invocations
  8420 | D:10     | Noticed Erolcha
  8434 | D:10     | Killed Erolcha
  8477 | D:10     | Noticed Psyche
  8482 | D:10     | Paralysed by Psyche for 3 turns
  8495 | D:10     | Killed Psyche
  8576 | D:10     | Noticed Joseph
  8587 | D:10     | Killed Joseph
  8633 | D:10     | Reached skill level 1 in Evocations
  8741 | D:10     | Gained mutation: You are agile. (Dex +2) [potion of
                  | mutation]
  8741 | D:10     | Gained mutation: You have claws for feet. [potion of
                  | mutation]
  8741 | D:10     | Gained mutation: Your mind is acute. (Int +2) [potion of
                  | mutation]
  8787 | D:10     | Learned a level 2 spell: Blink
  8787 | D:10     | Upgraded the game from 0.27-a0-652-g2d5cf1dcd3 to
                  | 0.27-a0-661-gca034ae587
  8901 | D:11     | Reached ***** piety under Cheibriados
  8924 | D:11     | Noticed Erica
  8932 | D:11     | Killed Erica
  8933 | D:11     | Reached skill level 10 in Invocations
  9019 | D:11     | Noticed a green ugly thing
  9026 | D:11     | Killed a green ugly thing
  9289 | D:11     | Noticed a red ugly thing
  9299 | D:11     | Killed a red ugly thing
  9405 | D:11     | Reached XP level 12. HP: 88/97 MP: 11/19
  9446 | D:11     | Identified Heuf's Compendium of the Excruciating Voyage
  9755 | D:12     | You fall into a shaft and drop 2 floors!
  9776 | D:13     | Found a transporter.
  9805 | D:13     | Reached skill level 11 in Invocations
 10068 | D:12     | Found Doshuq's Antique Weapon Boutique.
 10100 | D:12     | Found a staircase to the Orcish Mines.
 10114 | D:12     | Reached ****** piety under Cheibriados
 10123 | D:12     | Reached skill level 12 in Invocations
 10235 | D:12     | Noticed a six-headed hydra
 10245 | D:12     | Killed a six-headed hydra
 10914 | D:13     | Reached skill level 13 in Invocations
 11223 | D:13     | Noticed Allula97's ghost (journeyman DsGl)
 11225 | D:13     | Noticed a catoblepas
 11233 | D:13     | Noticed Josephine
 11240 | D:13     | Noticed a vault guard
 11242 | D:13     | Noticed a vault guard
 11244 | D:13     | Noticed a vault guard
 11245 | D:13     | Killed Josephine
 11246 | D:13     | Reached skill level 14 in Invocations
 11246 | D:13     | Noticed a vault guard
 11246 | D:13     | Noticed a vault guard
 11251 | D:13     | Killed a vault guard
 11253 | D:13     | Slain by a vault guard

Illustrated notes

Levels and vault maps discovered:
D:1:      psy_arrival_statuary, layout_basic, minmay_stone_trees_medium,
          minmay_crystal_room, st_stairs_1
D:2:      layout_rooms, serial_corexii_hall, chequers_hall_statues_wall_a,
          corexii_hall_statues_deadend, chequers_hall_statues_y,
          chequers_hall_statues_y, chequers_hall_statues_corner_a,
          chequers_hall_statues_corner_a
D:3:      layout_basic, serial_bayou_pond_d
D:4:      kennysheep_big_flooded_room, layout_loops_ring,
          kiku_gazebo_pond_becter, portal_sewer_entry_b, gammafunk_ghost_icy,
          minmay_distorted
D:5:      layout_gridville, temple_pool_b, uniq_ijyb, uniq_eustachio,
          uniq_blork_the_orc
D:6:      layout_rooms, ebering_ghost_sewer_d, serial_shops, shop,
          serial_rivers, chequers_serial_rivers_micro_b,
          chequers_serial_rivers_room_a, chequers_serial_rivers_micro_b,
          chequers_serial_rivers_micro_e, chequers_serial_rivers_large_a
D:7:      layout_basic, gammafunk_ghost_arena, trog_three_pillars_becter,
          uniq_pikel
D:8:      layout_layer_cave, erik_lair_island, serial_shops, shop, shop,
          nicolae_shop_stone, shop, hangedman_abyss_or_decor_stabs,
          minmay_misc_feat_pillars, serial_bayou_pond_e
D:9:      layout_gridville, uniq_maurice
D:10:     layout_roguey, minmay_variable_closet, uniq_psyche, uniq_harold,
          uniq_joseph, uniq_erolcha
D:11:     layout_gridville, special_room [special_room_orc], hex_tiny,
          uniq_erica
D:12:     layout_basic, kennysheep_orc_monster_closet_entryway, serial_shops,
          nicolae_shop_overgrown_old_shop, nicolae_straight_to_the_point
D:13:     layout_stronghold, erik_vaults_2, gammafunk_ghost_berserking_beasts,
          serial_column_ruins, column_ruins_open_small,
          column_ruins_corridor_straight, column_ruins_open_medium,
          column_ruins_open_tiny, column_ruins_grid_3, column_ruins_open_medium,
          column_ruins_columns_straight, uniq_josephine
D:14:     layout_irregular_city, serial_shops, nicolae_shop_waterfront,
          elyvilon_altar_3
Temple:   minmay_crystal_snake_temple

Skill      XL: |  1  2  3  4  5  6  7  8  9 10 11 12 |
---------------+-------------------------------------+-----
Axes           | 2 3 4 5 6 7 9 10 11 | 11.0
Dodging        | 1 2 3 |  3.9
Fighting       | 4 5 6 7 8 9 |  9.9
Invocations    | 1 4 6 8 10 14 | 14.8
Armour         | 4 5 6 |  6.7
Translocations | 2 |  2.2
Evocations     | 3 |  3.7
Shields        | |  2.6

Action                   |  1- 3 |  4- 6 |  7- 9 | 10-12 || total
-------------------------+-------+-------+-------+-------++-------
Melee: War axe           |   118 |   201 |   440 |   500 ||  1259
       Kick              |       |       |       |   147 ||   147
       Unarmed           |       |       |       |     2 ||     2
       Mace              |       |       |       |     6 ||     6
Throw: Dart              |       |     5 |    25 |    12 ||    42
Invok: Bend Time         |       |       |     1 |     1 ||     2
       Slouch            |       |       |       |     2 ||     2
Evoke: Wand              |       |       |     6 |     3 ||     9
  Use: Scroll            |     3 |     7 |     7 |     9 ||    26
       Potion            |       |     3 |     1 |     5 ||     9
 Stab: Paralysed         |       |       |     4 |     1 ||     5
       Sleeping          |       |       |       |    14 ||    14
Armor: Scale mail        |    39 |       |       |       ||    39
       Troll leather arm |    20 |    42 |    66 |    96 ||   224
Dodge: Dodged            |    61 |   155 |   259 |   369 ||   844
Block: Kite shield       |    59 |   104 |   302 |   516 ||   981
       Reflection        |       |       |     6 |    11 ||    17

Table legend: (Time is in decaauts)
 A = Elapsed time spent in this place.
 B = Non-inter-level travel time spent in this place.
 C = Inter-level travel time spent in this place.
 D = Time resting spent in this place.
 E = Time spent auto-exploring this place.
 F = Levels seen in this place.
 G = Mean time per level.
                   A        B        C        D        E       F      G
               +--------+--------+--------+--------+--------+-----+--------+
         Total |  15599 |  15068 |    531 |    416 |  11110 |  16 |  974.9 |
       Dungeon |  14980 |  14497 |    483 |    416 |  10788 |  14 | 1070.0 |
        Temple |    211 |    163 |     48 |      0 |    156 |   1 |  211.0 |
         Sewer |    407 |    407 |      0 |      0 |    166 |   1 |  407.0 |
               +--------+--------+--------+--------+--------+-----+--------+

Top non-repeatable levels by time:
    D:12: 1708 daAuts
     D:8: 1698 daAuts
     D:9: 1381 daAuts
     D:7: 1285 daAuts
    D:11: 1257 daAuts
     D:6: 1217 daAuts
    D:13: 1149 daAuts
     D:4: 1027 daAuts
     D:1: 978 daAuts
     D:5: 973 daAuts
    D:10: 795 daAuts
     D:3: 738 daAuts
     D:2: 734 daAuts
   Sewer: 407 daAuts
  Temple: 211 daAuts
